 Dungeon Crawl Stone Soup version 0.28-a0-1117-g0bdd5ba030 (webtiles) character file.

Game seed: 13482584728207039539

429 yoda5477 the Skirmisher (level 6, -7/48 HPs)
             Began as a Demonspawn Transmuter on Dec 11, 2021.
             Was an Initiate of Wu Jian.
             Mangled by Duvessa (8 damage)
             ... on level 4 of the Dungeon.
             The game lasted 00:39:26 (6349 turns).

yoda5477 the Skirmisher (Demonspawn Transmuter)     Turns: 6349, Time: 00:39:27

Health: -7/48      AC:  8    Str: 12    XL:     6   Next: 66%
Magic:  6/9        EV: 11    Int: 14    God:    Wu Jian [......]
Gold:   262        SH:  4    Dex: 14    Spells: 6/9 levels left

rFire   . . .      SeeInvis .   r - +2 mace (venom)
rCold   . . .      Faith    .   (no shield)
rNeg    + . .      Spirit   .   h - +0 ring mail
rPois   .          Reflect  .   H - +0 helmet
rElec   .          Harm     .   (no cloak)
rCorr   .          Rampage  .   e - +1 pair of gloves
Will    .....                   (no boots)
Stlth   +.........              (no amulet)
HPRegen 0.16/turn               f - ring of wizardry
MPRegen 0.11/turn               a - ring of positive energy

@: wereblooded
A: hooves 1, large bone plates 1
a: Renounce Religion


You were on level 4 of the Dungeon.
You worshipped Wu Jian.
Wu Jian was noncommittal.
You visited 2 branches of the dungeon, and saw 7 of its levels.

You collected 262 gold pieces.

Inventory:

Hand Weapons
 b - a +0 dagger
 k - a +0 whip
 r - a +2 mace of venom (weapon)
 w - a +0 short sword of venom
 z - a +1 hunting sling of flaming
 E - a +1 dagger of speed
Missiles
 d - 99 stones (quivered)
 l - 23 arrows
 v - 3 boomerangs
 C - 3 poisoned darts
Armour
 e - a +1 pair of gloves (worn)
 h - a +0 ring mail (worn)
 j - a +0 leather armour
 x - a +0 scale mail
 y - a +0 chain mail
 D - a +0 plate armour
 H - a +0 helmet (worn)
Jewellery
 a - a ring of positive energy (right hand)
 f - a ring of wizardry (left hand)
 i - a ring of wizardry
 o - a ring of wizardry
Scrolls
 c - a scroll of teleportation
 n - 2 scrolls of identify
 q - a scroll of enchant weapon
 t - 2 scrolls of noise
Potions
 g - 3 potions of curing
 m - a potion of might
 p - 2 potions of brilliance
 s - 2 potions of attraction {unknown}
 u - 2 potions of lignification {unknown}
 A - a potion of berserk rage {unknown}
 B - 2 potions of invisibility {unknown}
 F - a potion of cancellation {unknown}
 G - a potion of mutation {unknown}


   Skills:
 * Level 4.2 Fighting
 - Level 2.0 Armour
 + Level 3.2 Dodging
 - Level 2.0 Stealth
 - Level 2.6 Unarmed Combat
 + Level 2.2 Spellcasting
 + Level 3.0 Transmutations


You had 6 spell levels left.
You knew the following spells:

 Your Spells              Type           Power      Damage    Failure   Level
a - Beastly Appendage     Tmut           20%        N/A       6%          1
b - Wereblood             Tmut           10%        N/A       9%          2

Your spell library contained the following spells:

 Spells                   Type           Power      Damage    Failure   Level
 Spider Form              Tmut/Pois      5%         N/A       32%         3
 Ice Form                 Ice/Tmut       5%         N/A       69%         4


Dungeon Overview and Level Annotations

Branches:
Dungeon (6/15)             Temple (1/1) D:5

Altars:
Ashenzari
Cheibriados
Elyvilon
Fedhas
Hepliaklqana
Makhleb
Nemelex Xobeh
Qazlal
Sif Muna
Vehumet
Wu Jian
Xom
Yredelemnul
Zin
The Shining One

Annotations:
D:4 2 transporters, exclusions: orc and 2 more exclusions, Dowan; Duvessa; MisterT's ghost, novice HOMo
D:5 exclusion: downstairs
D:6 exclusions: hound and water moccasin


Innate Abilities, Weirdness & Mutations

You have large cloven feet.
You are partially covered in large bone plates. (SH +4)


Message History

Duvessa is moderately wounded.
Your transformation is almost over.
Duvessa misses you.
Dowan mumbles some strange words.
Dowan blinks!
Duvessa hits you but does no damage.
You barely miss Duvessa. You claw Duvessa, but do no damage.
Duvessa is moderately wounded.
You block Duvessa's attack. Duvessa hits you but does no damage.
You hit Duvessa but do no damage.
Duvessa is poisoned.
You claw Duvessa. You headbutt Duvessa, but do no damage.
Duvessa is moderately wounded.
Duvessa hits you with a +0 short sword. x2
You hit Duvessa.
Duvessa looks as sick as possible!
You claw Duvessa.
Duvessa is moderately wounded.
Duvessa hits you with a +0 short sword. x2
You hit Duvessa. Your kick misses Duvessa.
Duvessa is heavily wounded.
Duvessa barely misses you. Duvessa hits you with a +0 short sword.
You hit Duvessa.
Duvessa looks as sick as possible!
You claw Duvessa, but do no damage.
Duvessa is severely wounded.
Duvessa says, "When magic and the sword combine, nothing stands against them."
Duvessa hits you with a +0 short sword!
* * * LOW HITPOINT WARNING * * *
Duvessa hits you with a +0 short sword.
* * * LOW HITPOINT WARNING * * *
Your horns disappear.
Your talons disappear.
Your +0 helmet unmelds from your body.
You block Duvessa's attack. Dowan closely misses you.
Duvessa hits you with a +0 short sword.
* * * LOW HITPOINT WARNING * * *
You climb upwards.
Level annotation: 2 transporters, exclusions: orc and 2 more exclusions, MisterT's ghost, novice HOMo
There is a stone staircase leading down here.
You thump Dowan!
Dowan is poisoned.
Your kick misses Dowan.
Dowan is moderately wounded.
Duvessa says, "Where magic fails, the sword succeeds!"
Duvessa hits you with a +0 short sword!
* * * LOW HITPOINT WARNING * * *
Dowan hits you but does no damage. Duvessa hits you with a +0 short sword!
You die...

##############
#............######
#.#####...........#
#.#.###...........#
#.#...'...........#
#.#...#...........#
#.#.#.#......#######
#.###.......#......#
####.#@e...............
#....#e#######.........
#....#.# ######'##...
#...##.# #...........
#......#####.).........
######......[..........
#.........©.......
##'..#############.
#########
#....#.Z...?).?..#.


You could see Duvessa (fast, extremely poisoned) and Dowan (very poisoned).

Vanquished Creatures
  A water moccasin skeleton (D:4)
  2 hounds (D:4)
  2 jellies
  2 centaur skeletons (D:5)
  2 orc wizards (D:4)
  A hound skeleton (D:4)
  4 adders
  An adder skeleton (D:5)
  2 worms (D:2)
  3 dart slugs
  5 orcs
  9 bats
  8 endoplasms
  4 giant cockroaches
  3 goblins
  7 hobgoblins
  2 jackals
  4 quokkas
  9 ball pythons
  2 frilled lizards
  7 kobolds
  7 rats
87 creatures vanquished.

Notes
Turn   | Place    | Note
-------+----------+-------------------------------------------
     0 | D:1      | yoda5477 the Demonspawn Transmuter began the quest for the
                  | Orb.
     0 | D:1      | Reached XP level 1. HP: 15/15 MP: 3/3
   360 | D:1      | Gained mutation: You are partially covered in large bone
                  | plates. (SH +4) [demonic ancestry]
   360 | D:1      | Reached XP level 2. HP: 11/21 MP: 3/5
   684 | D:1      | Reached skill level 1 in Stealth
   924 | D:1      | Learned a level 2 spell: Wereblood
  1253 | D:2      | Reached XP level 3. HP: 24/27 MP: 4/6
  1305 | D:2      | Reached skill level 2 in Fighting
  2149 | D:2      | Lost mutation: You have razor-sharp toenails. [demonic
                  | ancestry]
  2149 | D:2      | Lost mutation: You have sharp toenails. [demonic ancestry]
  2149 | D:2      | Gained mutation: You have large cloven feet. [demonic
                  | ancestry]
  2149 | D:2      | Reached XP level 4. HP: 29/34 MP: 5/7
  3836 | D:3      | Reached skill level 3 in Fighting
  4057 | D:4      | Reached XP level 5. HP: 41/41 MP: 6/8
  4245 | D:4      | Reached skill level 1 in Armour
  4376 | D:5      | Entered Level 5 of the Dungeon
  4391 | D:4      | Reached XP level 6. HP: 30/48 MP: 9/9
  4719 | D:4      | HP: 1/48 [acid (7)]
  5016 | D:3      | Reached skill level 4 in Fighting
  5167 | D:4      | Found a transporter.
  5170 | D:4      | Noticed MisterT's ghost (novice HOMo)
  5173 | D:4      | Found a transporter.
  5616 | D:4      | Found a basalt altar of Yredelemnul.
  5843 | D:5      | Found a broken altar of Ashenzari.
  5944 | D:5      | Found a staircase to the Ecumenical Temple.
  5950 | Temple   | Entered the Ecumenical Temple
  5971 | Temple   | Became a worshipper of the Wu Jian Council
  6158 | D:6      | Noticed a water moccasin
  6223 | D:5      | Noticed Duvessa
  6223 | D:5      | Noticed Dowan
  6297 | D:5      | Found a burning altar of Makhleb.
  6349 | D:4      | HP: 1/48 [Duvessa (7)]
  6349 | D:4      | Mangled by Duvessa

Illustrated notes

Levels and vault maps discovered:
D:1:      dpeg_arrival_tiny_f, layout_rooms
D:2:      minmay_diamond_boxcup, layout_basic, minivault_25,
          kennysheep_big_empty_room, minivault_24, glass_columns_c
D:3:      layout_basic, minmay_misc_feat_square, kennysheep_generic_room_7
D:4:      layout_basic, mainiacjoe_overflow_alcove_4, gammafunk_ghost_mausoleum
D:5:      minmay_inner_zag, layout_gridville, ashenzari_conservatory_becter,
          kennysheep_mini_moat, minmay_temple_entry_hall, uniq_duvessa
D:6:      layout_cave_pools, mainiacjoe_overflow_cross_hatched,
          mainiacjoe_overflow_brackets, eat_drink_and_be_merry_uskayaw,
          serial_shops, nicolae_take_the_stairs, serial_bayou,
          serial_bayou_pond_a, serial_bayou_lagoon_b, serial_bayou_lagoon_a
Temple:   minmay_temple_bridge_abc

Skill      XL: |  1  2  3  4  5  6 |
---------------+-------------------+-----
Stealth        | 1 2 |  2.0
Transmutations | 2 3 |  3.0
Dodging        | 2 3 |  3.2
Fighting       | 2 3 4 |  4.2
Armour         | 1 2 |  2.0
Unarmed Combat | |  2.6
Spellcasting   | |  2.2

Action                   |  1- 3 |  4- 6 || total
-------------------------+-------+-------++-------
Melee: Unarmed           |   131 |    35 ||   166
       Kick              |    31 |    33 ||    64
       Headbutt          |    14 |    23 ||    37
       Mace              |       |    98 ||    98
       Punch             |       |     1 ||     1
Throw: Stone             |       |     5 ||     5
 Cast: Beastly Appendage |    37 |    37 ||    74
       Wereblood         |       |     3 ||     3
Invok: Lunge             |       |     1 ||     1
  Use: Potion            |       |     1 ||     1
       Scroll            |       |     6 ||     6
 Stab: Sleeping          |     3 |       ||     3
Armor: Robe              |    28 |       ||    28
       Leather armour    |    10 |    32 ||    42
       Ring mail         |       |    41 ||    41
       Scale mail        |       |     2 ||     2
Dodge: Dodged            |    75 |   132 ||   207
Block: Other             |    15 |    47 ||    62

Table legend: (Time is in decaauts)
 A = Elapsed time spent in this place.
 B = Non-inter-level travel time spent in this place.
 C = Inter-level travel time spent in this place.
 D = Time resting spent in this place.
 E = Time spent auto-exploring this place.
 F = Levels seen in this place.
 G = Mean time per level.
                   A        B        C        D        E       F      G
               +--------+--------+--------+--------+--------+-----+--------+
         Total |   6402 |   6267 |    135 |   2209 |   1902 |   7 |  914.6 |
       Dungeon |   6206 |   6094 |    112 |   2209 |   1743 |   6 | 1034.3 |
        Temple |    195 |    172 |     23 |      0 |    159 |   1 |  195.0 |
               +--------+--------+--------+--------+--------+-----+--------+

Top non-repeatable levels by time:
     D:2: 2002 daAuts
     D:4: 1343 daAuts
     D:3: 1330 daAuts
     D:1: 1231 daAuts
     D:5: 294 daAuts
  Temple: 195 daAuts
     D:6: 4 daAuts
